 Dungeon Crawl Stone Soup version 0.32-a0-841-g4648e6c457 (webtiles) character file.

Game seed: 10298322047162969646

153373 FulminatorMage the Metamorph (level 17, -2/205 HPs)
             Began as a Grey Draconian Shapeshifter on Mar 26, 2024.
             Was a Believer of Ru.
             Slain by a swamp dragon (12 damage)
             ... on level 4 of the Swamp.
             The game lasted 00:55:18 (33701 turns).

FulminatorMage the Metamorph (DrSh)                Turns: 33701, Time: 00:55:18

Health: -2/205     AC: 34    Str: 24    XL:     17   Next: 4%
Magic:  17/17      EV: 15    Int: 12    God:    Ru [**....]
Gold:   3484       SH:  0    Dex: 18    Spells: 16/16 levels left

rFire   . .          .
                       - Unarmed
rCold   . . .        r - orb {light}
rNeg    + . .        (body armour unavailable)
rPois   ∞            E - +2 hat
rElec   +            f - scarf {shadows}
rCorr   .            m - melded +0 pair of gloves of Piowkyot {rElec rF+ Int-2 SInv}
SInv    .            X - melded +1 pair of boots
Will    +....        k - amulet of Xebeot {Regen+ Str+8} Stlth
                     t - +4 ring of protection
HPRegen 1.34/turn    K - +5 ring of evasion
MPRegen 0.15/turn

%: no passive effects
@: about to teleport, statue-form, grasped by roots, on berserk cooldown,
slowed, glowing, constricted, studying Polearms, very slow
A: slow and powerful, torment resistance 1, boosted hp, (mud breath),
(mud-swimmer), AC +14, amphibious, unfitting armour, cold-blooded, no stealth,
no earth magic, no hexes magic, no translocations magic
a: Begin Untransformation, Renounce Religion, Sacrifice Purity, Sacrifice Words,
Sacrifice Resistance, Reject Sacrifices


You were on level 4 of the Swamp.
You worshipped Ru.
Ru was pleased with you.
You were a living statue of rough stone.
You visited 5 branches of the dungeon, and saw 27 of its levels.
You also visited: Trove, Bailey and Gauntlet.

You collected 3687 gold pieces.
You spent 203 gold pieces at shops.

Inventory:

Armour
 f - a scarf of shadows (worn)
 m - the +0 pair of gloves of Piowkyot (melded) {rElec rF+ Int-2 SInv}
   (You acquired it on level 5 of the Dungeon)

   Int-2:     It affects your intelligence (-2).
   rF+:       It protects you from fire.
   rElec:     It insulates you from electricity.
   SInv:      It lets you see invisible.
 r - an orb of light (worn)
 E - a +2 hat (worn)
 X - a +1 pair of boots (melded)
Jewellery
 k - the amulet of Xebeot (around neck) {Regen+ Str+8}
   (You found it in a treasure trove)

   [amulet of regeneration]

   Str+8:     It affects your strength (+8).
   Regen+:    It increases your rate of health regeneration.
 l - a +5 ring of evasion
 p - the ring of Doors {Fly rPois rCorr Int+4}
   (You found it in a treasure trove)

   [ring of resist corrosion]

   Int+4:     It affects your intelligence (+4).
   rPois:     It protects you from poison.
   Fly:       It grants you flight.
   rCorr:     It protects you from acid and corrosion.
 t - a +4 ring of protection (left fist)
 y - the ring "Aramm" {Fly rF- rC+ rN+ rCorr}
   (You found it on level 2 of the Swamp)

   [ring of flight]

   rF-:       It makes you vulnerable to fire.
   rC+:       It protects you from cold.
   rN+:       It protects you from negative energy.
   Fly:       It grants you flight.
   rCorr:     It protects you from acid and corrosion.
 F - a +4 ring of protection
 K - a +5 ring of evasion (right fist)
 M - the ring of Foufid {rPois rC+ rN+ Will+ Int+3 Dex-4}
   (You found it in a treasure trove)

   [ring of positive energy]

   Int+3:     It affects your intelligence (+3).
   Dex-4:     It affects your dexterity (-4).
   rC+:       It protects you from cold.
   rPois:     It protects you from poison.
   rN+:       It protects you from negative energy.
   Will+:     It increases your willpower.
 O - the ring of Propriety {rPois rF+ MP+9 Str+3}
   (You found it in a treasure trove)

   [ring of magical power]

   Str+3:     It affects your strength (+3).
   rF+:       It protects you from fire.
   rPois:     It protects you from poison.
   MP+9:      It affects your magic capacity (+9).
 Q - the ring of Atipn {Fly rN+ rCorr}
   (You found it in a treasure trove)

   [ring of flight]

   rN+:       It protects you from negative energy.
   Fly:       It grants you flight.
   rCorr:     It protects you from acid and corrosion.
 T - the ring "Kiurgh" {rF+ rC- Str+3 Int+3 Dex+3}
   (You found it on level 11 of the Dungeon)

   [ring of protection from fire]

   Str+3:     It affects your strength (+3).
   Int+3:     It affects your intelligence (+3).
   Dex+3:     It affects your dexterity (+3).
   rF+:       It protects you from fire.
   rC-:       It makes you vulnerable to cold.
 W - the ring of Amelioration {Wiz *Slow Will++}
   (You found it in a Gauntlet)

   [ring of wizardry]

   Wiz:       It improves your spell success rate.
   Will++:    It greatly increases your willpower.
   *Slow:     It may slow you when you take damage.
 Y - a ring of ice
Talismans
 q - a flux talisman
 w - a granite talisman (active)
 L - a storm talisman
Wands
 c - a wand of quicksilver (17)
 v - a wand of digging (25)
 B - a wand of warping (28)
Scrolls
 b - 4 scrolls of vulnerability {!r}
 h - 3 scrolls of teleportation {@r3}
 j - 5 scrolls of enchant weapon
 u - 2 scrolls of silence {!r}
 C - a scroll of summoning {!r}
 D - 3 scrolls of fog {@r2}
 G - a scroll of enchant armour
 H - 3 scrolls of revelation {@r5}
 I - a scroll of torment
 N - a scroll of brand weapon
 P - 2 scrolls of immolation
 R - a scroll of poison
 S - a scroll of fear
Potions
 a - 4 potions of enlightenment
 e - a potion of might {unknown}
 i - 2 potions of invisibility
 n - 5 potions of curing {@q2}
 o - 2 potions of mutation
 s - 2 potions of lignification
 x - 3 potions of haste {@q5}
 z - 9 potions of ambrosia
 A - a potion of attraction
 U - a potion of brilliance
 Z - 3 potions of cancellation
Miscellaneous
 V - a condenser vane


   Skills:
 - Level 16.1 Fighting
 - Level 13.7 Dodging
 - Level 15.1 Unarmed Combat
 - Level 5.0 Evocations
 + Level 16.9 Shapeshifting


You had 16 spell levels left.
You didn't know any spells.
Your spell library contained the following spells:

 Spells                   Type           Power      Damage    Failure   Level
 Foxfire                  Conj/Fire      0%         2x1d4     32%         1
 Kiss of Death            Conj/Necr      0%         2d5       32%         1
 Summon Small Mammal      Summ           0%         N/A       32%         1
 Mercury Vapours          Alch/Air       0%         N/A       45%         2
 Call Canine Familiar     Summ           0%         N/A       69%         3
 Frozen Ramparts          Ice            0%         1d1       69%         3
 Fugue of the Fallen      Necr           0%         N/A       69%         3
 Mephitic Cloud           Conj/Alch/Air  0%         N/A       69%         3
 Ozocubu's Armour         Ice            0%         N/A       69%         3
 Summon Ice Beast         Ice/Summ       0%         N/A       69%         3
 Vampiric Draining        Necr           0%         2d6       69%         3
 Dispel Undead            Necr           0%         3d6       97%         4
 Olgreb's Toxic Radiance  Alch           0%         N/A       97%         4
 Summon Blazeheart Golem  Fire/Summ      0%         N/A       97%         4
 Curse of Agony           Necr           0%         N/A       100%        5
 Freezing Cloud           Conj/Ice/Air   0%         6-21      100%        5
 Irradiate                Conj/Alch      0%         3d11      100%        5
 Plasma Beam              Fire/Air       0%         2x1d10    100%        6
 Starburst                Conj/Fire      0%         6d3       100%        6
 Monstrous Menagerie      Summ           0%         N/A       100%        7
 Ozocubu's Refrigeration  Ice            0%         4d7       100%        7
 Ignition                 Fire           0%         3d3       100%        8
 Slow                     Hex            Unusable   N/A       N/A         1
 Ensorcelled Hibernation  Hex/Ice        Unusable   N/A       N/A         2
 Confusing Touch          Hex            Unusable   N/A       N/A         3
 Dazzling Flash           Conj/Hex       Unusable   N/A       N/A         3
 Inner Flame              Hex/Fire       Unusable   N/A       N/A         3
 Stone Arrow              Conj/Erth      Unusable   3d7       N/A         3
 Anguish                  Hex/Necr       Unusable   N/A       N/A         4
 Animate Armour           Summ/Erth      Unusable   N/A       N/A         4
 Metabolic Englaciation   Hex/Ice        Unusable   N/A       N/A         5
 Silence                  Hex/Air        Unusable   N/A       N/A         5
 Summon Mana Viper        Hex/Summ       Unusable   N/A       N/A         5
 Discord                  Hex            Unusable   N/A       N/A         8
 Lehudib's Crystal Spear  Conj/Erth      Unusable   10d2      N/A         8

Dungeon Overview and Level Annotations

Branches:
Dungeon (15/15)            Temple (1/1) D:6            Lair (5/5) D:9
  Swamp (4/4) Lair:3       Spider (0/4) Lair:2        Slime (0/5) Lair:5
    Orc (2/2) D:9             Elf (0/3) Orc:2        Vaults (0/5) D:14
 Depths (0/4) D:15         Bailey (visited)         Gauntlet (visited)

Altars:
Ashenzari
Cheibriados
Dithmenos
Elyvilon
Fedhas
Gozag
Hepliaklqana
Kikubaaqudgha
Makhleb
Nemelex Xobeh
Okawaru
Qazlal
Ru
Sif Muna
Trog
Uskayaw
Vehumet
Wu Jian
Xom
Yredelemnul
Zin
The Shining One
Beogh
Jiyva

Shops:
D:3 (   Orc:2 ?[(*

Annotations:
Swamp:2 2 transporters, Iffuusoj's ghost, adept MiBe


Innate Abilities, Weirdness & Mutations

You are a living statue of rough stone.
Your actions are slow, but your melee attacks are powerful.
You are resistant to unholy torment.
Your maximum health is greatly increased.
Your equipment is partially melded.
((You can breathe torrents of mud.))
((You are unimpeded by mud.))
((Your dull iron-grey scales are very hard. (AC +14)))
You are amphibious.
You cannot fit into any form of body armour.
You are immune to poison.
You are cold-blooded and may be slowed by cold attacks.
You cannot be stealthy.
You cannot study or cast Earth magic.
You cannot study or cast Hexes magic.
You cannot study or cast Translocations magic.


Message History

The roots' grasp on you weakens, but your attempt to escape fails.
The briar patch crumbles away.
The shambling mangrove is engulfed in spectral mist.
The grasping roots constrict you.
The eight-headed hydra bites you but does no damage. x2
The eight-headed hydra closely misses you.
The eight-headed hydra bites you but does no damage. x4
The eight-headed hydra misses you.
The swamp dragon bites you but does no damage.
The swamp dragon closely misses you. x2; The swamp dragon bites you.
* * * LOW HITPOINT WARNING * * *
The swamp dragon claws you but does no damage.
The swamp dragon tramples you but does no damage.
The swamp dragon barely misses you.
The swamp dragon claws you but does no damage.
The swamp dragon barely misses you. The grasping roots constrict you.
The eight-headed hydra bites you!
* * * LOW HITPOINT WARNING * * *
The eight-headed hydra bites you.
* * * LOW HITPOINT WARNING * * *
The eight-headed hydra bites you but does no damage.
The eight-headed hydra bites you.
* * * LOW HITPOINT WARNING * * *
The eight-headed hydra closely misses you.
The eight-headed hydra bites you but does no damage.
The eight-headed hydra bites you.
* * * LOW HITPOINT WARNING * * *
The eight-headed hydra barely misses you.
The swamp dragon bites you but does no damage.
The swamp dragon claws you but does no damage.
The swamp dragon tramples you but does no damage.
The swamp dragon misses you.
The swamp dragon claws you but does no damage.
The swamp dragon tramples you but does no damage.
The swamp dragon bites you!
* * * LOW HITPOINT WARNING * * *
The swamp dragon claws you but does no damage.
The swamp dragon barely misses you. The swamp dragon bites you!
You die...
Ru respects your ultimate sacrifice.

♣..♣♣♣♣♣♣♣♣ §<.
♣♣♣♣♣♣♣♣..♣♣~. ~...
♣~P♣♣ ♣~.♣♣~. $.~~~
♣PP.♣♣♣♣~♣..♣♣ .~~~~
♣♣~PP♣♣.~.~~~♣♣ .~○~§♣
♣♣.~PP♣..~~~~..~
~°☼○Zf♣♣♣.~~PP~..~~~~~.♣
§○☼○t.DD/~~~PP.~~.~~~..♣
.~♣♣♣kDI~~~~~..~~~.~~.~~
♣♣DD~......~~~.♣♣~~~
♣♣♣♣♣♣♣♣♣♣~♣♣♣♣♣.~~ ♣♣♣
♣♣♣♣


You could see a shambling mangrove, an eight-headed hydra, 4 swamp dragons, a
ghost crab, a lindwurm and a spectral spriggan berserker (summoned).

Vanquished Creatures
  the Lernaean hydra (Swamp:4)
  Jorgrun (D:12)
  Gastronok (Lair:1)
  The ghost of Mustrin the Gelid, an adept OpCA of Ignis (Lair:3)
  A thorn hunter (Swamp:4)
  Roxanne (D:14)
  2 fenstrider witches
  A frost giant (D:15)
  2 ghouls (Swamp:1)
  2 orc warlords (Orc:2)
  4 eleionomae
  An ironbound thunderhulk (D:14)
  Nessos (D:12)
  A minotaur (Gauntlet)
  4 bunyips
  The ghost of Cyalech the Warrior, a journeyman MiFi of Cheibriados (Lair:3)
  Snorg (D:12)
  The ghost of fpsbossfight the Severer, a journeyman MiGl of Makhleb (Lair:2)
  The ghost of Tutoepidd the Arsonist, a journeyman DrFE of Vehumet (Lair:3)
  A shambling mangrove (Swamp:4)
  A fire dragon (Lair:5)
  The ghost of mrw0lf the Spear-Bearer, a journeyman GnCK of Xom (D:10)
  16 hydras
  Erolcha (D:13)
  A hell beast (Gauntlet)
  An ice dragon (Lair:5)
  2 spriggan air magi
  A vault guard (D:14)
  10 alligators
  The ghost of Autsider the Summoner, a journeyman FeSu of Kikubaaqudgha (Lair:3)
  4 boulder beetles
  Erica (Lair:2)
  6 two-headed ogres
  3 ghost crabs
  7 death yaks
  5 tengu warriors
  The ghost of Autsider the Frost Mage, a novice MfIE of Kikubaaqudgha (D:9)
  3 orc high priests (Orc:2)
  2 occultists (D:15)
  Urug (Lair:2)
  3 skysharks
  Amaemon (Lair:2)
  3 goliath frogs
  7 skeletal warriors
  Lodul (D:13)
  A spriggan druid (Swamp:2)
  8 swamp dragons
  5 bog bodies
  4 lindwurms
  A wolf spider (Lair:2)
  A swamp dragon (shapeshifter) (D:15)
  6 orc knights
  5 cyclopes
  3 ugly things
  A deep elf pyromancer (D:15)
  Maurice (Orc:1)
  6 will-o-the-wisps
  5 orc sorcerers
  A moth of wrath (D:9)
  3 manticores
  2 meliai (D:14)
  A kobold blastminer (Orc:2)
  13 elephants
  2 ice statues
  A black mamba (shapeshifter) (D:14)
  2 gargoyles (D:12)
  4 black mambas
  11 cane toads
  6 torpor snails (Lair:5)
  An orange demon (Lair:2)
  An ice devil (Lair:2)
  11 komodo dragons
  8 rime drakes
  An efreet (D:13)
  3 unseen horrors
  A freezing wraith (Swamp:4)
  A guardian mummy (D:12)
  7 trolls
  A hellwing (Gauntlet)
  9 polar bears
  2 queen bees
  15 hornets
  10 tyrant leeches
  10 blink frogs
  9 dream sheep (Lair:5)
  5 spriggans
  A centaur simulacrum (D:14)
  2 wraiths
  The ghost of Gruesome the Purveyor of Pain, an amateur DENe of Kikubaaqudgha (D:4)
  4 wyverns
  14 slime creatures
  65 yaks
  A human (D:14)
  14 vampire mosquitoes
  2 steam dragons
  5 wargs
  9 swamp worms
  2 redbacks
  Menkaure (D:6)
  6 acid dragons
  A hell hound (Gauntlet)
  14 water moccasins
  5 swamp drakes
  4 laughing skulls
  13 ice beasts
  27 orc warriors
  7 ogres
  3 wolves (Lair:2)
  2 centaurs
  6 kobold brigands
  Blork the orc (D:6)
  7 bullfrogs
  2 scorpions (D:5)
  3 gnoll sergeants
  5 wights (D:5)
  43 killer bees
  7 howler monkeys
  4 electric eels
  3 hounds (D:5)
  17 orc priests
  A gnoll bouda (D:8)
  A jelly (D:6)
  8 iguanas
  Ijyb (D:5)
  25 orc wizards
  4 hell rats
  Robin (D:3)
  22 gnolls
  6 adders
  11 river rats (D:8)
  3 shadow imps
  2 white imps
  6 ufetubi
  2 ribbon worms
  2 dart slugs
  55 orcs
  3 bats
  8 endoplasms
  A giant cockroach (D:4)
  15 goblins
  9 hobgoblins
  5 jackals
  8 quokkas
  6 ball pythons
  3 frilled lizards
  20 kobolds
  26 rats
855 creatures vanquished.

Vanquished Creatures (others)
  An orc knight (Orc:1)
  A bloated husk (Swamp:2)
  A yak (Lair:1)
  A swamp drake (Swamp:4)
  3 orc wizards
  A hell rat (Lair:5)
  A kobold (D:9)
  27 foxfires
36 creatures vanquished.

Grand Total: 891 creatures vanquished

Notes
Turn   | Place    | Note
-------+----------+-------------------------------------------
     0 | D:1      | FulminatorMage the Draconian Shapeshifter began the quest
                  | for the Orb.
     0 | D:1      | Reached XP level 1. HP: 16/16 MP: 1/1
   256 | D:1      | Reached XP level 2. HP: 23/23 MP: 2/2
   452 | D:1      | Found a faded altar of an unknown god.
  1008 | D:2      | Reached XP level 3. HP: 28/28 MP: 3/3
  1820 | D:3      | Noticed Robin
  1851 | D:3      | Reached XP level 4. HP: 35/35 MP: 4/4
  1862 | D:3      | Killed Robin
  1975 | D:3      | Reached skill level 5 in Shapeshifting
  2196 | D:3      | Found Vullyrr's Antique Weapon Shoppe.
  2200 | D:3      | Identified the +2 ring mail "Taef" {Int+3}
  2498 | D:4      | Found a runed translucent door.
  2498 | D:4      | Noticed Gruesome's ghost (amateur DENe)
  2706 | D:3      | Reached XP level 5. HP: 34/40 MP: 5/5
  3506 | D:4      | Reached XP level 6. HP: 27/47 MP: 6/6
  3506 | D:4      | Found a hazy altar of Hepliaklqana.
  3583 | D:4      | Found a stormy altar of Qazlal.
  3665 | D:5      | Entered Level 5 of the Dungeon
  3783 | D:5      | Noticed Ijyb
  3790 | D:5      | Paralysed by Ijyb for 2 turns
  3797 | D:5      | Killed Ijyb
  4034 | D:5      | Noticed an ice beast
  4045 | D:5      | Killed an ice beast
  4223 | D:5      | Reached skill level 1 in Evocations
  4223 | D:5      | Your scales start taking on a dull iron-grey colour.
  4223 | D:5      | Reached XP level 7. HP: 42/53 MP: 7/7
  4504 | D:5      | Identified a scroll of acquirement
  4775 | D:6      | Found an opulent altar of Gozag.
  4794 | D:6      | Noticed Blork the orc
  4799 | D:6      | Noticed Menkaure
  4810 | D:6      | Killed Menkaure
  4811 | D:6      | Reached XP level 8. HP: 20/66 MP: 8/8
  4821 | D:6      | Killed Blork the orc
  5073 | D:6      | Found a staircase to the Ecumenical Temple.
  5095 | Temple   | Found a transporter.
  5095 | Temple   | Found a transporter.
  5095 | Temple   | Found a transporter.
  5095 | Temple   | Found a transporter.
  5095 | Temple   | Entered the Ecumenical Temple
  5190 | Temple   | Became a worshipper of Ru the Awakened
  5261 | D:6      | Found a transporter.
  5263 | D:6      | Found a white marble altar of Elyvilon.
  5278 | D:6      | Found a transporter.
  5726 | D:4      | Killed Gruesome's ghost
  5727 | D:4      | Reached skill level 5 in Unarmed Combat
  6677 | D:8      | Gained mutation: You cannot study or cast Earth magic. [Ru
                  | sacrifice]
  6677 | D:8      | Gained mutation: You cannot study or cast Hexes magic. [Ru
                  | sacrifice]
  6677 | D:8      | Gained mutation: You cannot study or cast Translocations
                  | magic. [Ru sacrifice]
  6677 | D:8      | Reached * piety under Ru
  6691 | D:8      | Reached skill level 5 in Fighting
  6721 | D:8      | Found a flagged portal.
  6728 | Bailey   | Entered a bailey
  6760 | Bailey   | Reached XP level 9. HP: 51/74 MP: 9/9
  6868 | Bailey   | Noticed an orc knight
  6884 | Bailey   | Killed an orc knight
  6885 | Bailey   | Reached skill level 5 in Dodging
  7008 | Bailey   | Reached skill level 5 in Evocations
  7057 | Bailey   | Found a bloodstained altar of Trog.
  7715 | D:8      | Reached XP level 10. HP: 84/84 MP: 10/10
  7955 | D:8      | Found an ornate altar of the Wu Jian Council.
  8430 | D:9      | Found a staircase to the Lair.
  8555 | D:10     | Entered Level 10 of the Dungeon
  8697 | D:10     | Found a transporter.
  8697 | D:10     | Noticed mrw0lf's ghost (journeyman GnCK)
  8734 | D:10     | Gained mutation: You cannot be stealthy. [Ru sacrifice]
  8734 | D:10     | Reached ** piety under Ru
  8987 | D:9      | Noticed a moth of wrath
  8998 | D:9      | Found a transporter.
  9002 | D:9      | Noticed Autsider's ghost (novice MfIE)
  9003 | D:9      | Found a staircase to the Orcish Mines.
  9174 | D:9      | Found a transporter.
  9718 | D:10     | Found a transporter.
  9755 | D:10     | Found a transporter.
 10121 | D:10     | Noticed a two-headed ogre
 10121 | D:10     | Noticed a two-headed ogre
 10122 | D:10     | Identified the +7 giant spiked club of Mutilation {holy,
                  | rPois rN+++ Dex-3 SInv}
 10122 | D:10     | Identified the +4 dire flail of Wondrous Power {antimagic,
                  | rElec Str-2 Int+3}
 10122 | D:10     | Noticed a two-headed ogre
 10123 | D:10     | Noticed a two-headed ogre
 10294 | D:10     | Found a transporter.
 10524 | Lair:1   | Entered Level 1 of the Lair of Beasts
 10776 | Lair:1   | Noticed a black mamba
 10793 | Lair:1   | Killed a black mamba
 10798 | Lair:1   | Reached XP level 11. HP: 84/95 MP: 11/11
 11979 | Lair:2   | Noticed Gastronok
 12103 | Lair:1   | Killed Gastronok
 12264 | Lair:1   | Reached skill level 10 in Shapeshifting
 12439 | Lair:2   | Noticed Urug
 12452 | Lair:2   | Killed Urug
 12453 | Lair:2   | Reached skill level 10 in Fighting
 12610 | Lair:2   | Noticed Amaemon
 12632 | Lair:2   | Killed Amaemon
 12847 | Lair:2   | Noticed fpsbossfight's ghost (journeyman MiGl)
 12863 | Lair:2   | Found a transporter.
 12866 | Lair:2   | Found a transporter.
 12900 | Lair:2   | Reached XP level 12. HP: 106/106 MP: 12/12
 12991 | Lair:2   | Noticed Erica
 13162 | Lair:2   | Killed Erica
 13163 | Lair:2   | Reached skill level 10 in Unarmed Combat
 13634 | Lair:2   | Found a hole to the Spider Nest.
 15127 | Lair:3   | Noticed a death yak
 15134 | Lair:3   | Noticed a death yak
 15135 | Lair:3   | Noticed a death yak
 15142 | Lair:3   | Killed a death yak
 15159 | Lair:3   | Killed a death yak
 15169 | Lair:3   | Killed a death yak
 15170 | Lair:3   | Reached skill level 10 in Dodging
 15170 | Lair:3   | Reached XP level 13. HP: 86/117 MP: 10/13
 15564 | Lair:3   | Found a runed translucent gate.
 15566 | Lair:3   | Found a runed translucent gate.
 15568 | Lair:3   | Found a runed translucent gate.
 15568 | Lair:3   | Noticed Tutoepidd's ghost (journeyman DrFE)
 15571 | Lair:3   | Noticed Autsider's ghost (journeyman FeSu)
 15571 | Lair:3   | Noticed Cyalech's ghost (journeyman MiFi)
 15761 | Lair:3   | Noticed Mustrin's ghost (adept OpCA)
 15810 | Lair:3   | Found a staircase to the Swamp.
 16956 | Lair:5   | Entered Level 5 of the Lair of Beasts
 17564 | Lair:5   | Found a viscous altar of Jiyva.
 17565 | Lair:5   | Found a staircase to the Slime Pits.
 18800 | Lair:5   | Reached XP level 14. HP: 35/129 MP: 6/14
 19241 | Lair:5   | Paralysed by a hornet for 2 turns
 19967 | Lair:5   | Paralysed by a hornet for 2 turns
 20860 | Orc:1    | Entered Level 1 of the Orcish Mines
 20860 | Orc:1    | Noticed Maurice
 20871 | Orc:1    | Killed Maurice
 20882 | Orc:1    | Found a roughly hewn altar of Beogh.
 21374 | Orc:1    | Identified the +3 dagger of Generosity {drain, rElec rN+}
 21538 | Orc:2    | Entered Level 2 of the Orcish Mines
 21822 | Orc:2    | Noticed an orc warlord
 21879 | Orc:2    | Killed an orc warlord
 22098 | Orc:2    | Noticed an orc warlord
 22099 | Orc:2    | Found a staircase to the Elven Halls.
 22144 | Orc:2    | Killed an orc warlord
 22151 | Orc:2    | Paralysed by an orc sorcerer for 3 turns
 22600 | Orc:2    | Found a roughly hewn altar of Beogh.
 22851 | Orc:2    | Paralysed by an orc sorcerer for 4 turns
 23227 | Orc:2    | Found Nuilimipn's Magic Scroll Shop.
 23227 | Orc:2    | Found Wefaufuca's General Store.
 23246 | Orc:2    | Found Plog's Antique Weapon Shoppe.
 23246 | Orc:2    | Found Ojuepamp's Antique Armour Shop.
 23257 | Orc:2    | Bought a scroll of blinking for 105 gold pieces
 23257 | Orc:2    | Bought a scroll of fear for 56 gold pieces
 23257 | Orc:2    | Bought a scroll of teleportation for 42 gold pieces
 23795 | D:11     | Identified the ring "Kiurgh" {rF+ rC- Str+3 Int+3 Dex+3}
 24644 | D:12     | Noticed Jorgrun
 24664 | D:12     | Killed Jorgrun
 24900 | D:12     | Noticed Nessos
 24911 | D:12     | Killed Nessos
 24912 | D:12     | Reached XP level 15. HP: 139/139 MP: 15/15
 24933 | D:12     | Noticed Snorg
 24956 | D:12     | Killed Snorg
 25342 | D:12     | Found a portal to a secret trove of treasure.
 25668 | D:13     | Noticed Erolcha
 25691 | D:13     | Killed Erolcha
 25914 | D:13     | Noticed Lodul
 25928 | D:13     | Killed Lodul
 26762 | D:14     | Found a gate leading to a gauntlet.
 26768 | Gauntlet | Entered a Gauntlet
 26771 | Gauntlet | Acquired the +0 pair of gloves of Piowkyot {rElec rF+ Int-2
                  | SInv}
 26783 | Gauntlet | Found a transporter.
 26800 | Gauntlet | Found a transporter.
 26803 | Gauntlet | Found a transporter.
 26805 | Gauntlet | Found a large runed translucent door.
 26806 | Gauntlet | Found a large runed translucent door.
 26807 | Gauntlet | Found a large runed translucent door.
 26807 | Gauntlet | Found a large runed translucent door.
 26807 | Gauntlet | Found a runed translucent door.
 26808 | Gauntlet | Found a large runed translucent door.
 26809 | Gauntlet | Found a large runed translucent door.
 26810 | Gauntlet | Found a large runed translucent door.
 26810 | Gauntlet | Found a large runed translucent door.
 26811 | Gauntlet | Found a runed translucent gate.
 26811 | Gauntlet | Found a runed translucent gate.
 26813 | Gauntlet | Found a transporter.
 26817 | Gauntlet | Found a transporter.
 26827 | Gauntlet | Found a transporter.
 26859 | Gauntlet | Found a runed translucent gate.
 26860 | Gauntlet | Found a large runed translucent door.
 26860 | Gauntlet | Found a large runed translucent door.
 26861 | Gauntlet | Found a large runed translucent door.
 26862 | Gauntlet | Found a large runed translucent door.
 26863 | Gauntlet | Found a large runed translucent door.
 26863 | Gauntlet | Found a large runed translucent door.
 26863 | Gauntlet | Found a runed translucent door.
 26864 | Gauntlet | Found a large runed translucent door.
 26865 | Gauntlet | Found a large runed translucent door.
 26877 | Gauntlet | Found a transporter.
 26877 | Gauntlet | Found a transporter.
 26882 | Gauntlet | Found a transporter.
 26918 | Gauntlet | Found a transporter.
 26919 | Gauntlet | Found a transporter.
 26934 | Gauntlet | Found a transporter.
 27072 | Gauntlet | Identified the ring of Amelioration {Wiz *Slow Will++}
 27344 | D:14     | Noticed Roxanne
 28026 | D:14     | Reached skill level 15 in Fighting
 28226 | D:14     | Found a gate to the Vaults.
 28729 | D:14     | Killed Roxanne
 28805 | D:15     | Entered Level 15 of the Dungeon
 29298 | D:15     | Found a staircase to the Depths.
 29298 | D:15     | Noticed a frost giant
 29306 | D:15     | Killed a frost giant
 30091 | Swamp:1  | Entered Level 1 of the Swamp
 30351 | D:9      | Killed Autsider's ghost
 30475 | D:10     | Killed mrw0lf's ghost
 30636 | Lair:2   | Killed fpsbossfight's ghost
 30776 | Lair:3   | Killed Autsider's ghost
 30777 | Lair:3   | Reached XP level 16. HP: 149/149 MP: 13/16
 30795 | Lair:3   | Killed Cyalech's ghost
 30804 | Lair:3   | Killed Tutoepidd's ghost
 30822 | Lair:3   | Killed Mustrin's ghost
 31222 | Swamp:1  | Reached skill level 15 in Shapeshifting
 32154 | D:12     | You paid a toll of 4 scrolls of blinking to enter a
                  | treasure trove
 32155 | Trove    | Entered a treasure trove
 32159 | Trove    | Identified the ring of Red Wine {rN+ Str+3}
 32161 | Trove    | Identified the ring of Doors {Fly rPois rCorr Int+4}
 32168 | Trove    | Identified the ring of Suspicion {Fly Dex+2}
 32172 | Trove    | Identified the ring of Foufid {rPois rC+ rN+ Will+ Int+3
                  | Dex-4}
 32177 | Trove    | Identified the ring of Propriety {rPois rF+ MP+9 Str+3}
 32181 | Trove    | Identified the amulet of Xebeot {Regen+ Str+8}
 32194 | Trove    | Identified the ring of Atipn {Fly rN+ rCorr}
 32421 | Swamp:2  | Identified the ring "Aramm" {Fly rF- rC+ rN+ rCorr}
 32621 | Swamp:2  | Noticed Iffuusoj's ghost (adept MiBe)
 32621 | Swamp:2  | Identified the +3 great sword of the Unbearable God {heavy,
                  | rElec rF+ rN+ Int-5}
 32622 | Swamp:2  | Noticed a thorn hunter
 32627 | Swamp:2  | Found a transporter.
 32652 | Swamp:2  | You fall into a shaft and drop 1 floor!
 32891 | Swamp:3  | Reached skill level 15 in Unarmed Combat
 33022 | Swamp:2  | Found a transporter.
 33343 | Swamp:3  | Found a blossoming altar of Fedhas.
 33445 | Swamp:4  | Entered Level 4 of the Swamp
 33484 | Swamp:4  | Noticed the 27-headed Lernaean hydra
 33492 | Swamp:4  | Noticed a thorn hunter
 33686 | Swamp:4  | Killed the 27-headed Lernaean hydra
 33692 | Swamp:4  | Reached XP level 17. HP: 56/158 MP: 17/17
 33701 | Swamp:4  | HP: 10/205 [swamp dragon (9)]
 33701 | Swamp:4  | Slain by a swamp dragon

Illustrated notes

Levels and vault maps discovered:
D:1:      psy_arrival_statuary, layout_loops_ring, basic_ecumenical_altar,
          hex_tiny, dreamdust_wishing_well
D:2:      kennysheep_big_flooded_room, layout_basic
D:3:      layout_loops_ring, serial_shops, nicolae_shop_pleasant_corner_grove,
          chequers_serial_rivers_small_a, uniq_robin
D:4:      layout_basic, minitemple, gammafunk_ghost_grave,
          cheibrodos_sewer_entry_sluice, serial_glass, glass_columns_a,
          glass_columns_a
D:5:      layout_loops_cross, chequers_jeans, uniq_ijyb
D:6:      layout_basic, grunt_gozag_statues, elyvilon_altar_4,
          minmay_temple_entry_water_ring, uniq_blork_the_orc, uniq_menkaure
D:7:      layout_cave_pods
D:8:      lemuel_ratsnest, layout_basic, pdpol_wu_jian_five_deadly_venoms,
          enter_bailey_3, serial_glass, glass_columns_c, glass_columns_a
D:9:      layout_irregular_city, lair_entry_dummy, orc_0_dummy,
          gammafunk_ghost_berserking_beasts
D:10:     layout_basic, gammafunk_ghost_smash, nicolae_diode_stairs
D:11:     layout_cave_pods, serial_park, serial_park_square1
          [serial_park_minivault_5x5_6], serial_park_square3
          [serial_park_minivault_5x5_7], serial_park_tiny_pond,
          serial_park_square1 [serial_park_minivault_5x5_4]
D:12:     layout_long_grid, nicolae_trove_entry_path_of_doom, uniq_nessos,
          uniq_snorg, uniq_jorgrun
D:13:     layout_basic, uniq_lodul, uniq_erolcha
D:14:     layout_roguey [special_room_bee], hellmonk_vaults_keyhole,
          gauntlet_entry_generic, nicolae_lava_and_water, kennysheep_cross_room,
          uniq_roxanne
D:15:     grunt_enter_depths_snipers, layout_rooms, nicolae_the_louvre
Temple:   hellmonk_temple_divided_pantheon
Lair:1:   layout_chaotic_city
Lair:2:   layout_chaotic_city, spider_nest_entry_funnel_web,
          gammafunk_ghost_hive, ice2_lemuel, uniq_gastronok, uniq_urug,
          uniq_erica, uniq_amaemon
Lair:3:   layout_misc_corridors, skrybe_swamp_entry_bodies,
          gammafunk_ghost_cemetery, serial_bayou_pond_e, grunt_megastairs_2,
          serial_bayou_shore_b, infiniplex_staircase_pool
Lair:4:   layout_roguey, infiniplex_staircase_pool_2, grunt_megastairs_3,
          serial_bayou_shore_a
Lair:5:   guppyfry_lair_end_dragon, layout_gridlike, wormcave, slime_entry_1,
          serial_bayou_pond_a, minmay_stone_trees_medium
Swamp:1:  layout_basic_swamp, nicolae_swamp_treefoil
Swamp:2:  layout_basic_swamp, gammafunk_ghost_arena, hangedman_swamp_diagram
Swamp:3:  layout_basic_swamp, nicolae_swamp_godswood
Swamp:4:  swamp_alternative, layout_basic_swamp,
          portal_ice_cave_entry_frozen_things, swamp_pool_5, uniq_nikola
Orc:1:    layout_caves, basic_altar, nicolae_orc_sculptors_studio, uniq_maurice
Orc:2:    grunt_orc_tribal_feast, layout_caves, basic_altar

Skill      XL: |  1  2  3  4  5  6  7  8  9 10 11 12 13 14 15 16 |
---------------+-------------------------------------------------+-----
Shapeshifting  | 4 5 6 7 8 9 10 11 12 13 14 16 | 16.9
Dodging        | 2 3 4 5 7 8 10 11 12 13 | 13.7
Evocations     | 1 3 4 5 |  5.0
Fighting       | 3 5 6 8 10 11 13 14 15 16 | 16.1
Unarmed Combat | 4 5 6 8 9 11 12 13 14 15 | 15.1

Action                     |  1- 3 |  4- 6 |  7- 9 | 10-12 | 13-15 | 16-18 || total
---------------------------+-------+-------+-------+-------+-------+-------++-------
  Melee: Unarmed           |   115 |   153 |   342 |   912 |  1890 |   308 ||  3720
         Tailslap          |     7 |    18 |    51 |   191 |   428 |    60 ||   755
         Punch             |     2 |     1 |       |       |       |       ||     3
 Invoke: Sacrifice Arcana  |       |       |     1 |       |       |       ||     1
         Sacrifice Stealth |       |       |       |     1 |       |       ||     1
         Reject Sacrifices |       |       |       |     1 |     2 |       ||     3
Ability: Mud Breath        |       |       |     1 |     1 |     1 |       ||     3
  Evoke: Wand              |       |     1 |     3 |     5 |    11 |       ||    20
    Use: Potion            |     1 |       |       |     6 |     3 |     4 ||    14
         Scroll            |       |       |    14 |     7 |    12 |     6 ||    39
   Stab: Sleeping          |     2 |       |       |       |       |       ||     2
         Paralysed         |       |     6 |       |     6 |    18 |       ||    30
         Distracted        |       |       |       |     2 |     3 |       ||     5
 Armour: Skin              |    93 |   103 |   208 |   488 |   823 |   614 ||  2329
  Dodge: Dodged            |    45 |    98 |   392 |   946 |  2419 |   658 ||  4558
   Form: Flux              |       |     1 |       |     1 |     1 |       ||     3
         Serpent           |       |       |       |     1 |     1 |       ||     2
         Beast             |       |       |       |       |     1 |       ||     1
         Statue            |       |       |       |       |     1 |       ||     1

Table legend: (Time is in decaauts)
 A = Elapsed time spent in this place.
 B = Non-inter-level travel time spent in this place.
 C = Inter-level travel time spent in this place.
 D = Time resting spent in this place.
 E = Time spent auto-exploring this place.
 F = Levels seen in this place.
 G = Mean time per level.
                   A        B        C        D        E       F      G
               +--------+--------+--------+--------+--------+-----+--------+
         Total |  34974 |  31595 |   3379 |   6128 |  19503 |  30 | 1165.8 |
       Dungeon |  16865 |  14967 |   1898 |   2250 |  10104 |  15 | 1124.3 |
        Temple |    111 |     95 |     16 |      0 |     65 |   1 |  111.0 |
          Lair |  11016 |   9897 |   1119 |   2624 |   5477 |   5 | 2203.2 |
         Swamp |   3556 |   3305 |    251 |    678 |   2047 |   4 |  889.0 |
  Orcish Mines |   2451 |   2356 |     95 |    470 |   1342 |   2 | 1225.5 |
         Trove |     76 |     76 |      0 |      0 |     27 |   1 |   76.0 |
        Bailey |    398 |    398 |      0 |    106 |    161 |   1 |  398.0 |
      Gauntlet |    498 |    498 |      0 |      0 |    279 |   1 |  498.0 |
               +--------+--------+--------+--------+--------+-----+--------+

Top non-repeatable levels by time:
  Lair:5: 3661 daAuts
  Lair:2: 2749 daAuts
  Lair:1: 2169 daAuts
     D:9: 1736 daAuts
 Swamp:1: 1607 daAuts
    D:10: 1580 daAuts
   Orc:2: 1509 daAuts
    D:14: 1504 daAuts
  Lair:3: 1361 daAuts
     D:8: 1173 daAuts
    D:12: 1158 daAuts
     D:4: 1121 daAuts
    D:13: 1112 daAuts
    D:15: 1110 daAuts
  Lair:4: 1074 daAuts
